AoeStats
← ekansdilos_

Arena

510094688Analyzed
2v2 RM · 23h ago on Sep 29, 2026· 63m 32s· 4 players
Game mode
Random Map
Map size
Medium (4 player)
Population
200
Speed
Normal
Resources
Standard
Victory
Conquest
Starting age
Dark Age
Ending age
Imperial Age
RankedLock teamsTeams togetherTeam positionsShared explorationLock speedFull tech treeHidden civsTurbo modeCheats
Victory
Defeat
🇳🇱 Burgundians · Netherlands
829
+11
🇦🇺 Spanish · Australia
675
+16
🇬🇧 Saracens · United Kingdom
742
-15
🇪🇸 Turks · Spain
664
-12
Ghest
10:55 Feudal Age
14:57 Castle Age
13:27 Double-Bit Axe
16:36 Bow Saw
16:42 Horse Collar
23:45 Scale Barding Armor
24:57 Forging
24:52 Husbandry
25:32 Bloodlines
34:05 Imperial Age
32:02 Heavy Plow
34:13 Iron Casting
33:58 Chain Barding Armor
33:01 Light Cavalry
35:43 Gold Mining
35:43 Stone Mining
35:44 Gambesons
35:59 Squires
35:44 Arson
35:20 Pikeman
47:36 Two-Man Saw
47:14 Conscription
48:03 Plate Barding Armor
48:28 Blast Furnace
48:56 Wheelbarrow
48:30 Hussar
63:50 Chemistry
63:11 Ballistics
ekansdilos_
0:38 Loom
10:45 Feudal Age
12:08 Wheelbarrow
11:19 Town Watch
11:29 Double-Bit Axe
19:38 Castle Age
18:09 Stone Mining
20:02 Horse Collar
21:50 Town Patrol
23:52 Gold Mining
36:15 Hand Cart
40:14 Heavy Plow
55:11 Imperial Age
58:59 Imperial Age
56:37 Fletching
PD
3:33 Double-Bit Axe
3:54 Loom
7:54 Horse Collar
11:27 Feudal Age
13:16 Bow Saw
13:11 Heavy Plow
17:24 Castle Age
16:01 Gold Mining
17:07 Scale Barding Armor
21:15 Two-Man Saw
20:50 Crop Rotation
36:19 Chain Barding Armor
36:10 Forging
37:55 Cavalier
38:36 Husbandry
53:23 Chain Barding Armor
60:38 Gold Shaft Mining
64:56 Imperial Age
fat sandwiches
10:42 Feudal Age
17:51 Castle Age
15:44 Horse Collar
15:51 Double-Bit Axe
16:00 Gold Mining
16:04 Stone Mining
19:30 Wheelbarrow
19:00 Heavy Plow
18:56 Fletching
21:51 Town Watch
24:18 Bow Saw
24:33 Hand Cart
24:46 Bodkin Arrow
30:45 Imperial Age
28:21 Loom
29:07 Ballistics
29:27 Squires
29:13 Gambesons
29:14 Arson
29:32 Murder Holes
30:50 Fortified Wall
30:55 Husbandry
31:06 Bloodlines
31:10 Forging
32:40 Chemistry
32:43 Conscription
31:48 Pikeman
32:22 Capped Ram
33:18 Thumb Ring
35:52 Siege Ram
38:55 Elite Conquistador
41:41 Hoardings
50:02 Cavalier
54:33 Two-Man Saw
54:08 Paladin
57:56 Bracer
58:02 Scale Barding Armor
58:34 Iron Casting
58:01 Scale Mail Armor
58:01 Padded Archer Armor
58:08 Town Patrol
Connection lost

Rejoining the realm…

Still unreachable

The connection could not be restored.

Session expired

The server has moved on; the page needs a fresh start.